 Dungeon Crawl Stone Soup version 0.20-a0-513-g02c11fc (webtiles) character file.

28 Kaname the Charmwright (level 3, -1/27 HPs)
             Began as a Demonspawn Skald on Jan 23, 2017.
             Slain by a worker ant zombie (5 damage)
             ... on level 2 of the Dungeon.
             The game lasted 00:01:26 (940 turns).

Kaname the Charmwright (Demonspawn Skald)            Turns: 940, Time: 00:01:26

Health: -1/27      AC:  3    Str: 11    XL:     3   Next: 0%
Magic:  5/6        EV: 11    Int: 15    God:
Gold:   97         SH:  0    Dex: 12    Spells: 1/6 levels left

rFire    . . .     SeeInvis .   a - +0 spear
rCold    . . .     Gourm    .   b - +0 leather armour
rNeg     . . .     Faith    .   (no shield)
rPois    .         Spirit   .   (no helmet)
rElec    .         Reflect  .   (no cloak)
rCorr    .         Harm     .   (no gloves)
MR       .....                  (no boots)
Stlth    +.........             (no amulet)
Regen    0.1/turn               (no ring)
                                (no ring)

@: very slightly contaminated
A: rot immunity
a: no special abilities


You were on level 2 of the Dungeon.
You were not hungry.

You visited 1 branch of the dungeon, and saw 2 of its levels.

You collected 97 gold pieces.

Inventory:

Hand Weapons
 a - a +0 spear (weapon)
Armour
 b - a +0 leather armour (worn)
Scrolls
 f - 2 scrolls of identify {unknown}
 h - a scroll of magic mapping {unknown}
Potions
 e - a potion of agility {unknown}
 g - a potion of haste {unknown}
Books
 c - a book of Battle

   Spells                             Type                      Level
   a - Infusion                       Charms                       1
   b - Shroud of Golubria             Charms/Translocation         2
   c - Song of Slaying                Charms                       2
   d - Spectral Weapon                Hexes/Charms                 3
   e - Regeneration                   Charms/Necromancy            3
Comestibles
 d - a bread ration
 i - a chunk of flesh


   Skills:
 - Level 2.0 Fighting
 - Level 2.0 Polearms
 - Level 0.8 Armour
 - Level 1.7 Dodging
 - Level 2.0 Spellcasting
 + Level 3.6 Charms


You had one spell level left.
You knew the following spells:

 Your Spells              Type           Power        Failure   Level  Hunger
a - Infusion              Chrm           ##..         10%         1    #......
b - Song of Slaying       Chrm           ##......     12%         2    ###....
c - Shroud of Golubria    Chrm/Tloc      #.........   24%         2    ###....


Dungeon Overview and Level Annotations

Branches:
Dungeon (2/15)

Altars:


Innate Abilities, Weirdness & Mutations

You are immune to rotting.


Message History

The worker ant zombie waves its antennae.
The worker ant zombie barely misses you.
You barely miss the worker ant zombie.
The worker ant zombie is severely damaged.
The worker ant zombie bites you.
* * * LOW HITPOINT WARNING * * *
You hit the worker ant zombie.
The worker ant zombie is severely damaged.
The worker ant zombie barely misses you.
You hit the worker ant zombie.
The worker ant zombie is almost destroyed.
The worker ant zombie bites you.
* * * LOW HITPOINT WARNING * * *
You completely miss the worker ant zombie.
The worker ant zombie is almost destroyed.
The worker ant zombie bites you but does no damage.
You hit the worker ant zombie.
The worker ant zombie is almost destroyed.
The worker ant zombie bites you.
You die...

## ... ...#
....#
#.######..8...
#....<@ZZ.....
...#######......
##..# #


You could see an adder zombie and a worker ant zombie.

Vanquished Creatures
  2 dart slugs (D:1)
  A giant cockroach (D:1)
  2 goblins (D:1)
  4 hobgoblins
  4 jackals (D:1)
  4 bats (D:1)
  3 frilled lizards
  2 kobolds (D:1)
  A quokka skeleton (D:2)
  A rat (D:1)
24 creatures vanquished.

Notes
Turn   | Place    | Note
-------+----------+-------------------------------------------
     0 | D:1      | Kaname the Demonspawn Skald began the quest for the Orb.
     0 | D:1      | Reached XP level 1. HP: 16/16 MP: 3/3
   139 | D:1      | Reached skill level 3 in Charms
   169 | D:1      | Gained mutation: You are immune to rotting. [demonic ancestry]
   169 | D:1      | Reached XP level 2. HP: 21/22 MP: 5/5
   173 | D:1      | Learned a level 2 spell: Song of Slaying
   353 | D:1      | Learned a level 2 spell: Shroud of Golubria
   925 | D:2      | Reached XP level 3. HP: 27/27 MP: 6/6
   940 | D:2      | Slain by a worker ant zombie

Vault maps used:
D:1:      dpeg_arrival_tiny_f, minmay_misc_feat_enclosed
D:2:      grunt_temple_overflow_open, serial_undead, serial_undead_d,
          serial_undead_d, serial_undead_c, serial_undead_b, serial_undead_d,
          serial_undead_b, serial_undead_c, serial_undead_e,
          serial_bayou_lagoon_a, uniq_sigmund

Skill      XL: |  1 |
---------------+----+-----
Polearms       | 2 |  2.0
Charms         | 3 |  3.6
Fighting       | |  2.0
Armour         | |  0.8
Dodging        | |  1.7
Spellcasting   | |  2.0

Action                   || total
-------------------------++-------
Melee: Spear             ||    80
 Cast: Infusion          ||     1
       Song of Slaying   ||     1
Armor: Leather armour    ||    11
Dodge: Dodged            ||    32
